Map: Nightscape LE

Players

Nyck - Winner!

  • Race: Terran Terran
  • Spawn Location: 7:00

Ekelpack - Winner!

  • Race: Zerg Zerg
  • Spawn Location: 7:00

Pookielood

  • Race: Terran Terran
  • League: Gold
  • Spawn Location: 1:00

morfarspain

  • Race: Protoss Protoss
  • Spawn Location: 1:00

VOD

Have the link to the VOD?

Description

Time

  • Played on: Sept. 17, 2020, 3:33 p.m.
  • Length: 17:24
Show
View Real Time Build Order
Export as new Build Order

Nyck Terran - Winner!

Build Orders:  

Get SALT Encoding   

  12  0:00  SCV  
  13  0:14  Supply Depot  
  13  0:17  SCV  
  14  0:30  SCV  
  15  0:38  Barracks  
  15  0:42  SCV  
  16  0:48  Refinery  
  16  0:54  SCV  
  17  1:06  SCV  
  18  1:18  SCV  
  19  1:31  Barracks  
  19  1:32  Marine  
  20  1:43  Orbital Command  
  20  1:57  Reaper  
  21  2:07  Supply Depot  
  21  2:20  Reaper  
  22  2:28  SCV  
  22  2:29  Reaper  
  24  2:39  Barracks  
  24  2:40  SCV  
  24  2:42  Supply Depot  
  25  2:55  Refinery  
  25  2:56  SCV  
  26  3:09  SCV  
  27  3:17  Barracks Tech Lab x2  
  27  3:23  SCV  
  27  3:26  Supply Depot  
  28  3:32  Factory  
  28  3:36  SCV  
  29  3:48  Barracks Tech Lab, SCV  
  30  3:49  Marauder x2  
  34  4:00  SCV  
  35  4:11  Factory  
  35  4:12  SCV  
  35  4:13  Marauder  
  38  4:18  Concussive Shells  
  38  4:21  Marine x2  
  40  4:34  Marine  
  40  4:35  SCV  
  42  4:42  Command Center  
  42  4:48  SCV  
  42  4:52  Factory Tech Lab  
  43  4:56  Marauder x2  
  47  5:02  Supply Depot  
  47  5:15  Marauder  
  47  5:18  SCV  
  47  5:24  Marauder x2  
  47  5:25  Supply Depot  
  51  5:36  Marauder  
  51  5:37  Factory Tech Lab  
  51  5:42  Combat Shield  
  53  5:46  Marauder x2  
  57  5:57  Marauder  
  57  6:02  Refinery  
  59  6:05  Refinery  
  59  6:15  Marauder x2  
  63  6:22  Siege Tank  
  66  6:35  Supply Depot  
  66  6:44  Engineering Bay  
  70  6:47  Marauder x3  
  70  6:49  Siege Tank  
  75  6:58  Supply Depot  
  75  7:07  Stimpack  
  75  7:11  Marauder x2  
  75  7:12  Marauder  
  81  7:21  Supply Depot  
  81  7:24  SCV  
  82  7:36  SCV  
  83  7:40  Refinery  
  89  7:44  Marauder x3  
  89  7:45  Supply Depot  
  89  7:48  SCV  
  89  7:49  Siege Tank  
  93  7:56  Refinery  
  93  8:00  SCV  
  98  8:05  Marauder x2  
  98  8:08  Supply Depot  
  98  8:12  SCV  
  99  8:15  Missile Turret  
  99  8:24  SCV, Marauder  
  99  8:25  Siege Tank  
  105  8:30  Supply Depot  
  105  8:36  SCV  
  106  8:47  Marauder x2  
  110  8:48  SCV  
  111  8:58  Widow Mine x2  
  111  9:01  SCV  
  116  9:13  SCV  
  117  9:23  Factory  
  117  9:25  SCV  
  118  9:37  SCV  
  119  9:49  SCV  
  120  9:54  SCV  
  120  9:57  Marauder x3  
  127  10:01  SCV  
  127  10:06  SCV  
  130  10:18  SCV  
  128  10:25  Orbital Command  
  127  10:30  SCV  
  128  10:36  Factory Tech Lab  
  128  10:42  SCV  
  129  10:50  SCV  
  130  10:58  Command Center  
  130  10:59  Marauder x2  
  134  11:21  Widow Mine  
  134  11:22  Marauder  
  134  11:23  SCV  
  134  11:24  Siege Tank  
  134  11:47  Supply Depot  
  134  11:49  SCV  
  125  12:01  SCV  
  124  12:06  Marauder  
  124  12:07  Marauder x2  
  124  12:08  Siege Tank, Widow Mine  
  132  12:10  Supply Depot  
  132  12:13  SCV  
  127  12:26  SCV  
  127  12:27  SCV  
  127  12:29  Siege Tank  
  128  12:32  Supply Depot  
  128  12:39  SCV  
  128  12:40  Siege Tank  
  132  12:51  SCV  
  133  13:00  SCV  
  133  13:01  Siege Tank, Marauder  
  133  13:02  Marauder x2  
  133  13:03  SCV  
  144  13:12  SCV  
  145  13:15  SCV  
  145  13:18  Siege Tank  
  146  13:23  Marauder x3  
  143  13:33  Siege Tank  
  146  13:44  Marauder x2  
  146  13:45  SCV, Marauder  
  153  13:50  Terran Infantry Weapons Level 1, Siege Tank  
  156  13:56  Widow Mine  
  156  13:57  SCV  
  159  14:05  Siege Tank  
  159  14:09  SCV  
  163  14:18  Widow Mine  
  163  14:21  SCV  
  163  14:22  Siege Tank  
  169  14:33  SCV  
  139  15:18  Marauder x3  
  141  15:25  Siege Tank x3  
  150  15:39  Marauder x2  
  150  15:40  Marauder  
  148  15:57  Siege Tank x3  
  148  16:01  Marauder  
  139  16:22  Orbital Command  
  139  16:27  Refinery x2, Marauder x3  
  139  16:30  Siege Tank x3  
  152  16:48  Marauder  
  152  16:49  Marauder x2  
Show
View Real Time Build Order
Export as new Build Order

Ekelpack Zerg - Winner!

Build Orders: Pool First 

Get SALT Encoding   

  12  0:00  Drone  
  13  0:09  Drone  
  14  0:21  Overlord  
  14  0:24  Drone, Extractor  
  14  0:40  Drone x2  
  16  0:46  Drone  
  17  0:52  Spawning Pool  
  17  0:55  Drone  
  17  1:05  Drone  
  18  1:16  Overlord  
  18  1:39  Queen  
  20  1:40  Zergling x4  
  20  1:41  Metabolic Boost  
  22  1:50  Zergling x2  
  23  2:04  Drone  
  24  2:11  Hatchery  
  23  2:18  Lair  
  23  2:38  Drone  
  23  2:39  Drone x2  
  23  2:41  Extractor  
  25  2:49  Drone x3  
  28  2:59  Drone  
  28  3:25  Drone x3, Queen  
  33  3:39  Drone x3  
  33  3:40  Queen  
  36  3:49  Overlord x2  
  36  3:57  Hydralisk Den  
  35  4:10  Drone x2  
  35  4:13  Extractor  
  35  4:16  Extractor  
  35  4:22  Drone  
  36  4:37  Hydralisk x5  
  36  4:38  Hydralisk  
  46  4:41  Drone  
  49  4:47  Grooved Spines  
  49  5:03  Evolution Chamber  
  49  5:06  Evolution Chamber  
  47  5:20  Drone  
  48  5:24  Drone x3  
  48  5:25  Drone  
  48  5:27  Overlord x3  
  48  5:28  Overlord  
  52  5:32  Zerg Ground Armor Level 1, Zerg Missile Weapons Level 1  
  52  5:52  Hatchery  
  52  5:53  Hydralisk x2  
  52  5:56  Hydralisk  
  57  6:14  Drone x2  
  57  6:15  Drone x3  
  62  6:22  Hydralisk x2  
  62  6:23  Hydralisk  
  68  6:35  Overlord  
  68  6:40  Muscular Augments  
  68  7:01  Drone x5  
  70  7:02  Drone  
  70  7:04  Drone x3  
  77  7:14  Drone  
  78  7:17  Extractor  
  78  7:20  Extractor  
  78  7:22  Drone x3  
  79  7:23  Overlord x2  
  79  7:24  Overlord  
  79  7:26  Zerg Missile Weapons Level 2  
  79  7:35  Hydralisk x3  
  85  7:48  Hydralisk x2  
  85  7:49  Hydralisk x3  
  85  7:50  Overlord  
  95  7:59  Drone  
  96  8:18  Hydralisk x3  
  96  8:19  Hydralisk x5  
  112  8:39  Infestation Pit  
  111  8:42  Drone x2  
  113  8:55  Hydralisk x2  
  113  8:56  Hydralisk x2  
  113  8:57  Overlord x2  
  113  8:58  Overlord x2  
  113  9:01  Overlord x2  
  121  9:05  Zerg Ground Armor Level 2  
  121  9:25  Hatchery  
  120  9:37  Hydralisk  
  120  9:38  Hydralisk x6  
  122  9:39  Hydralisk x5  
  122  9:40  Hydralisk  
  146  10:02  Hydralisk  
  146  10:03  Hydralisk x5  
  146  10:05  Hive  
  158  10:12  Hydralisk x3  
  160  10:28  Overseer  
  156  10:38  Drone x2  
  156  10:39  Drone x6  
  162  10:57  Overlord x3  
  84  11:20  Hydralisk x7  
  84  11:21  Hydralisk x5  
  84  11:22  Hydralisk x5  
  116  11:33  Hydralisk x2  
  116  11:34  Hydralisk x4  
  128  11:42  Drone  
  128  11:43  Hydralisk x2  
  133  12:05  Hydralisk x5  
  133  12:06  Hydralisk x4  
  133  12:39  Hydralisk x5  
  133  12:40  Hydralisk x6  
  133  12:41  Hydralisk x2  
  159  12:44  Zerg Missile Weapons Level 3  
  159  12:45  Zerg Ground Armor Level 3  
  159  13:12  Burrow  
  159  13:16  Hydralisk x4  
  159  13:17  Hydralisk x6  
  159  13:18  Hydralisk x3  
  177  13:35  Hydralisk x3  
  183  13:52  Hatchery  
  182  13:57  Hydralisk x4  
  182  13:58  Hydralisk x5  
  200  14:07  Extractor  
  200  14:08  Extractor  
  198  14:11  Extractor  
  198  14:15  Extractor  
  196  14:30  Ultralisk Cavern  
  133  14:58  Hydralisk x3  
  133  14:59  Hydralisk x5  
  111  15:00  Hydralisk x6  
  111  15:01  Hydralisk x5  
  129  15:37  Hydralisk x5  
  129  15:38  Hydralisk x7  
  129  15:39  Hydralisk  
  151  16:22  Hydralisk x3  
  151  16:23  Hydralisk x6  
  151  16:24  Hydralisk x4  
  167  16:51  Drone  
  167  16:52  Drone x2  
  158  16:57  Zergling x4  
  158  16:58  Zergling x10  
Show
View Real Time Build Order
Export as new Build Order

Pookielood Terran 

Build Orders:  

Get SALT Encoding   

  12  0:00  SCV  
  13  0:12  SCV  
  14  0:17  Supply Depot  
  14  0:24  SCV  
  15  0:40  Barracks  
  15  0:45  SCV  
  15  0:49  Refinery  
  16  0:57  SCV  
  17  1:09  SCV  
  18  1:21  SCV  
  19  1:29  Marine  
  20  1:36  Command Center  
  20  1:41  Orbital Command  
  20  1:49  Refinery  
  20  1:52  Marine  
  21  2:11  Factory  
  22  2:16  Barracks Tech Lab  
  21  2:46  SCV, Bunker  
  23  2:54  Supply Depot  
  23  2:55  Supply Depot  
  22  2:58  SCV  
  22  3:00  SCV  
  22  3:03  Barracks Tech Lab  
  24  3:10  SCV  
  25  3:13  Siege Tank  
  28  3:35  Marine  
  28  3:39  Barracks  
  29  3:44  SCV x2  
  29  3:48  Refinery  
  31  3:50  Refinery  
  31  3:56  SCV x2  
  30  4:07  Siege Tank  
  30  4:09  Marine  
  33  4:12  SCV  
  35  4:21  SCV  
  36  4:24  SCV  
  36  4:27  Marine  
  38  4:33  SCV  
  38  4:37  SCV  
  38  4:38  Barracks Reactor  
  40  4:44  Siege Tank  
  40  4:45  SCV  
  44  4:49  SCV  
  45  4:59  SCV, Starport  
  46  5:01  SCV  
  46  5:02  Engineering Bay  
  46  5:04  Starport  
  47  5:28  SCV  
  49  5:30  Orbital Command  
  48  5:37  Missile Turret  
  48  5:40  SCV  
  49  5:49  Siege Tank  
  52  5:50  Stimpack  
  52  5:52  SCV  
  52  5:54  Starport Tech Lab  
  52  5:55  Starport Reactor  
  52  5:56  SCV, Missile Turret  
  54  5:58  Terran Infantry Weapons Level 1  
  54  6:03  Engineering Bay  
  54  6:10  Supply Depot  
  54  6:11  Supply Depot  
  54  6:18  Missile Turret  
  54  6:32  SCV x2  
  56  6:39  Missile Turret  
  56  6:44  SCV  
  57  6:47  SCV  
  57  6:48  Command Center  
  57  6:52  Marine x3  
  57  6:53  Medivac  
  57  6:54  Medivac  
  65  6:56  SCV, Cloaking Field  
  65  7:00  Terran Infantry Armor Level 1, Armory  
  66  7:02  SCV  
  66  7:08  SCV  
  68  7:10  Marine x2  
  70  7:30  Marine x3, Medivac  
  75  7:48  Marine x2, Marauder  
  75  7:49  Barracks  
  75  7:50  Barracks  
  79  7:54  Siege Tank  
  82  8:04  Factory  
  82  8:07  Factory  
  82  8:23  Marine  
  82  8:24  Marine x2  
  82  8:26  Siege Tank, Medivac x2  
  92  8:27  Banshee  
  95  8:38  Command Center  
  95  8:41  Marine  
  95  8:42  Marauder  
  98  8:52  Command Center  
  98  8:54  Refinery  
  98  9:03  Factory Tech Lab  
  98  9:04  Factory Tech Lab  
  98  9:07  Barracks Reactor  
  98  9:13  Barracks Reactor  
  98  9:15  Barracks Reactor  
  98  9:35  Marine x2  
  98  9:36  Marine  
  101  9:49  Siege Tank x2, Medivac x3  
  113  9:53  Marine x3  
  109  10:11  Marine x3  
  109  10:12  Marine x3, Marauder  
  109  10:13  Starport  
  117  10:16  Starport  
  117  10:29  SCV, Marine x2  
  117  10:30  SCV  
  117  10:31  Planetary Fortress  
  121  10:37  Planetary Fortress  
  121  10:42  SCV x2  
  123  10:52  Terran Ship Weapons Level 1  
  123  10:53  Fusion Core  
  123  10:54  SCV  
  123  10:55  SCV  
  125  11:07  SCV x2  
  96  11:19  SCV  
  96  11:24  Marine x4  
  96  11:25  Marine  
  82  11:27  Marine x2  
  82  11:32  Medivac x2  
  69  11:35  Siege Tank  
  69  11:36  Siege Tank  
  77  11:42  Marine x5, Missile Turret  
  77  11:43  Missile Turret  
  77  11:45  Marine x2, Refinery  
  84  12:00  Marine x4  
  84  12:09  Siege Tank x2  
  84  12:13  Marine x3  
  84  12:15  Siege Tank  
  96  12:17  Marine  
  96  12:18  Marine  
  98  12:31  Planetary Fortress, Marauder  
  100  12:42  Marine, Command Center  
  101  13:19  Supply Depot  
  101  13:25  Supply Depot  
  101  13:28  Supply Depot  
  101  13:35  Supply Depot  
  101  13:40  Marine x6, Marauder  
  109  13:46  Siege Tank x2  
  115  13:49  Siege Tank  
  118  13:57  Supply Depot  
  118  13:58  Supply Depot, Marine x6  
  118  14:00  Supply Depot  
  118  14:01  Marine  
  118  14:02  Bunker  
  125  14:03  Bunker  
  125  14:15  Marine x2  
  127  14:22  Medivac x3  
  133  14:25  Marine x4  
  69  15:03  Marine  
  69  15:04  Marine x3  
  69  15:05  Marine  
  31  15:21  Marine  
  31  15:22  Marine x2  
  33  15:28  Medivac  
  33  15:29  Medivac  
  33  15:31  Widow Mine  
  20  16:02  Marine  
Show
View Real Time Build Order
Export as new Build Order

morfarspain Protoss 

Build Orders:  

Get SALT Encoding   

  12  0:00  Probe  
  13  0:13  Pylon  
  13  0:18  Probe  
  14  0:30  Probe  
  14  0:35  Gateway  
  15  0:42  Probe  
  16  0:54  Probe  
  17  0:59  Assimilator  
  17  1:06  Probe  
  17  1:11  Forge  
  18  1:18  Probe  
  19  1:30  Pylon  
  19  1:46  Pylon  
  19  1:58  Cybernetics Core  
  20  2:08  Probe  
  20  2:11  Nexus  
  20  2:13  Assimilator  
  20  2:20  Probe  
  21  2:27  Zealot  
  23  2:33  Pylon  
  23  2:38  Assimilator  
  23  2:46  Warp Gate  
  23  2:51  Probe  
  24  3:03  Probe  
  25  3:06  Photon Cannon  
  25  3:15  Probe  
  25  3:27  Probe  
  26  3:35  Pylon  
  25  3:44  Probe  
  25  3:47  Photon Cannon  
  26  3:55  Photon Cannon  
  26  3:56  Probe  
  26  3:57  Photon Cannon  
  27  4:09  Probe  
  28  4:10  Pylon  
  28  4:21  Probe  
  29  4:26  Assimilator  
  29  4:29  Pylon  
  29  4:33  Probe  
  29  4:36  Probe  
  31  4:45  Probe  
  32  4:48  Twilight Council, Probe  
  32  4:51  Pylon  
  33  4:55  Protoss Air Weapons Level 1  
  33  4:57  Probe, Pylon  
  34  5:00  Probe  
  35  5:09  Probe  
  35  5:12  Probe  
  37  5:21  Probe  
  37  5:23  Gateway  
  37  5:24  Probe  
  37  5:28  Pylon  
  39  5:33  Probe  
  40  5:37  Probe  
  41  5:44  Gateway  
  41  5:45  Probe  
  41  5:49  Probe  
  43  5:57  Probe  
  43  5:58  Stalker  
  43  6:01  Probe  
  47  6:09  Gateway  
  47  6:10  Probe  
  48  6:12  Gateway  
  48  6:13  Probe  
  48  6:14  Gateway  
  49  6:22  Probe  
  49  6:23  Charge, Gateway  
  49  6:25  Probe  
  51  6:31  Photon Cannon  
  51  6:37  Probe  
  52  6:43  Dark Shrine  
  52  6:49  Nexus, Probe  
  53  6:56  Pylon  
  53  7:01  Probe  
  55  7:08  Probe  
  55  7:11  Photon Cannon  
  55  7:15  Pylon  
  55  7:20  Probe  
  56  7:24  Pylon  
  56  7:26  Assimilator  
  56  7:28  Robotics Facility  
  56  7:32  Robotics Facility, Probe  
  56  7:36  Robotics Facility  
  57  7:46  Assimilator  
  57  7:51  Pylon  
  57  7:58  Nexus  
  57  8:03  Pylon  
  57  8:04  Probe  
  58  8:08  Stalker  
  58  8:09  Stalker x2  
  64  8:16  Dark Templar  
  64  8:17  Dark Templar x3  
  64  8:19  Protoss Ground Weapons Level 1  
  72  8:29  Immortal  
  72  8:30  Probe  
  77  8:42  Probe  
  77  8:47  Photon Cannon  
  78  8:54  Probe  
  79  9:08  Stalker  
  79  9:09  Stalker x5  
  91  9:10  Stalker  
  91  9:16  Probe  
  94  9:28  Probe  
  96  9:34  Observer  
  96  9:35  Observer  
  96  9:37  Observer  
  98  9:40  Probe  
  99  9:52  Probe  
  98  10:04  Probe  
  93  10:28  Protoss Ground Armor Level 1  
  93  10:33  Dark Templar x4  
  93  10:34  Dark Templar x3  
  107  10:42  Immortal x3  
  117  10:59  Pylon  
  93  11:16  Pylon  
  93  11:17  Zealot  
  93  11:18  Zealot x5  
  85  11:19  Zealot  
  85  11:24  Gateway  
  89  11:28  Gateway  
  89  11:31  Gateway  
  89  11:34  Gateway  
  89  11:36  Gateway  
  89  11:38  Gateway  
  89  11:52  Nexus  
  89  11:54  Stalker x3  
  93  11:55  Stalker x4  
  95  12:19  Stalker  
  95  12:20  Stalker x3  
  84  12:24  Zealot x2  
  84  12:25  Zealot x3  
  80  12:32  Zealot x3  
  85  12:37  Probe  
  85  12:43  Gateway  
  86  12:46  Stalker, Zealot  
  86  12:47  Zealot x4  
  86  12:49  Probe  
  99  13:01  Probe, Protoss Ground Weapons Level 2  
  99  13:04  Stalker  
  91  13:17  Stalker  
  91  13:18  Stalker x2  
  93  13:22  Zealot  
  67  13:30  Stalker  
  67  13:31  Stalker  
  55  13:51  Stalker  
  55  13:52  Stalker x2  
  55  13:53  Stalker  
  63  14:15  Nexus  
  63  14:28  Assimilator  
  63  14:30  Pylon  
  63  14:38  Pylon  
  63  14:58  Stalker x2  
  59  15:22  Stalker x2  
  59  15:23  Stalker  
  59  15:34  Dark Templar x2  
  45  16:13  Probe  
  45  16:15  Dark Templar  
  45  16:16  Dark Templar x2  
  45  16:18  Dark Templar  
  52  16:25  Probe  
  52  16:37  Probe  
Tags
 
Add a new tag
Caveats
  • Supply blocks, unpowered buildings, or Contaminate may cause inaccurate times.
  • Supply counts are checked every 10 seconds.